 Dungeon Crawl Stone Soup version 0.30-a0-509-gd016549fea (webtiles) character file.

Game seed: 17598750745973700235

1011 bande the Covered (level 8, -2/48 HPs)
             Began as a Gargoyle Fighter on Dec 23, 2022.
             Was a Follower of Okawaru.
             Shot with a bolt by an orc warrior (11 damage)
             ... on level 6 of the Dungeon.
             The game lasted 00:08:52 (5385 turns).

bande the Covered (Gargoyle Fighter)                Turns: 5385, Time: 00:08:52

Health: -2/48      AC: 21    Str: 19    XL:     8   Next: 21%
Magic:  10/10      EV:  5    Int: 10    God:    Okawaru [*.....]
Gold:   1585       SH:  5    Dex: 11    Spells: 7/7 levels left

rFire   . . .      SeeInvis +    p - +4 broad axe (vorpal)
rCold   . . .      Faith    .    c - +0 buckler
rNeg    + . .      Spirit   .    i - +0 plate armour
rPois   ∞          Reflect  .    (no helmet)
rElec   +          Harm     .    (no cloak)
rCorr   .          Rampage  .    o - +2 pair of gloves
Will    .....                    (no boots)
Stlth   ..........               (no amulet)
HPRegen 0.28/turn                l - ring of see invisible
MPRegen 0.12/turn                (no ring)

@: no status effects
A: sickness immunity, AC +5, negative energy resistance 1, electricity
resistance, torment resistance 1, petrification resistance
a: Renounce Religion, Heroism


You were on level 6 of the Dungeon.
You worshipped Okawaru.
Okawaru was aware of your devotion.
You visited 2 branches of the dungeon, and saw 7 of its levels.

You collected 1585 gold pieces.

Inventory:

Hand Weapons
 a - a +1 war axe
 j - a +0 flail
 p - a +4 vorpal broad axe (weapon)
Armour
 c - a +0 buckler (worn)
 i - a +0 plate armour (worn)
 o - a +2 pair of gloves (worn)
Jewellery
 f - a ring of magical power
 l - a ring of see invisible (left hand)
Scrolls
 e - 2 scrolls of identify
 g - a scroll of blinking
 h - a scroll of enchant armour
 m - 5 scrolls of teleportation
 n - 2 scrolls of poison
Potions
 b - 4 potions of curing
 d - a potion of might
 k - 2 potions of cancellation {unknown}
 q - 3 potions of magic
 r - a potion of invisibility
 s - a potion of mutation {unknown}
 t - a potion of berserk rage {unknown}


   Skills:
 + Level 4.7 Fighting
 + Level 5.7 Axes
 + Level 5.8 Armour
 - Level 0.2 Stealth
 + Level 4.7 Shields
 * Level 3.2 Invocations


You had 7 spell levels left.
You didn't know any spells.
Your spell library contained the following spells:

 Spells                   Type           Power      Damage    Failure   Level
 Beastly Appendage        Tmut           0%         N/A       100%        1
 Blink                    Tloc           0%         N/A       100%        2
 Momentum Strike          Conj/Tloc      0%         3d8       100%        2
 Wereblood                Tmut           0%         N/A       100%        2
 Lesser Beckoning         Tloc           0%         N/A       100%        3
 Spider Form              Tmut/Pois      0%         N/A       100%        3


Dungeon Overview and Level Annotations

Branches:
Dungeon (6/15)             Temple (1/1) D:4

Altars:
Ashenzari
Cheibriados
Gozag
Nemelex Xobeh
Okawaru
Vehumet
Wu Jian

Shops:
D:2 [   D:4 *

Annotations:
D:4 1 transporter


Innate Abilities, Weirdness & Mutations

You are immune to sickness and miasma.
Your stone body is resilient. (AC +5)
You are immune to poison.
You resist negative energy. (rN+)
You are resistant to electric shocks. (rElec)
You are resistant to unholy torment.
You are immune to petrification.


Message History

No target in view!
No target in view!
You see here an adder corpse.
An orc comes into view. It is wielding a +0 club.
The orc shouts!
You hear a shout!
An orc comes into view. It is wielding a +0 dagger.
There are monsters nearby!
There are monsters nearby!
An orc priest comes into view. It is wielding a +0 flail.
The orc shouts!
The orc priest shouts!
The orc priest moves out of view.
You block the orc's attack.
The orc priest begins to cast a cantrip, but forgets the words!
You closely miss the orc. The orc hits you but does no damage.
The orc priest invokes the aid of Beogh against you.
Beogh smites you!
You slash the orc!
You kill the orc!
Okawaru accepts your kill.
You closely miss the orc. The orc hits you but does no damage. x2
An orc warrior comes into view. It is wielding a +0 short sword.
You hit the orc.
The orc is heavily wounded.
The orc barely misses you.
You closely miss the orc.
The orc is heavily wounded.
The orc barely misses you.
You slash the orc!
You kill the orc!
Okawaru accepts your kill.
You hit the orc priest.
The orc warrior unwields a +0 short sword.
The orc warrior wields a +0 arbalest.
The orc warrior shoots a bolt.
The bolt hits you!
The orc priest calls down the wrath of Beogh upon you.
Beogh smites you!
* * * LOW HITPOINT WARNING * * *
The orc priest barely misses you.
The orc warrior shoots a bolt.
The bolt hits you!
You die...

#....... #
#....#....... ..
.#....######.. .##
.#....# #...#
..###.#....####.###
#.....#....##...#
#.....#....##.###
..####o....#....##.#
..o...)@...#....##.#
.....###..##.......#
### ...
##.#......#####.. .
#...............
##>.............
###............
#............
#............
##########...


You could see an orc warrior and an orc priest.

Vanquished Creatures
  A water moccasin (D:5)
  A black bear (D:5)
  2 ogres (D:5)
  A phantom (D:4)
  2 scorpions
  A howler monkey (D:5)
  4 jellies
  3 hounds
  An iguana (D:3)
  6 adders
  3 gnolls
  2 shadow imps
  An ufetubus (D:4)
  A dart slug (D:1)
  10 orcs
  4 endoplasms (D:1)
  5 giant cockroaches
  5 hobgoblins
  5 kobolds
  2 quokkas
  7 ball pythons
  9 bats
  13 goblins
  6 rats
95 creatures vanquished.

Vanquished Creatures (others)
  2 fungi (D:1)
  4 plants (D:1)
6 creatures vanquished.

Grand Total: 101 creatures vanquished

Notes
Turn   | Place    | Note
-------+----------+-------------------------------------------
     0 | D:1      | bande the Gargoyle Fighter began the quest for the Orb.
     0 | D:1      | Reached XP level 1. HP: 14/14 MP: 1/1
   147 | D:1      | Reached XP level 2. HP: 11/19 MP: 2/2
   188 | D:1      | Found a faded altar of an unknown god.
   385 | D:1      | Reached XP level 3. HP: 16/23 MP: 3/3
  1341 | D:2      | Reached XP level 4. HP: 12/28 MP: 4/4
  1818 | D:2      | Found Qihackis's Armour Shoppe.
  2363 | D:3      | Reached XP level 5. HP: 13/33 MP: 5/5
  2726 | D:3      | Found a broken altar of Ashenzari.
  3061 | D:4      | Found a radiant altar of Vehumet.
  3239 | D:4      | Found a staircase to the Ecumenical Temple.
  3252 | Temple   | Entered the Ecumenical Temple
  3269 | Temple   | Became a worshipper of Warmaster Okawaru
  3285 | D:4      | Reached XP level 6. HP: 38/38 MP: 6/6
  3422 | D:4      | Found Edufra's Fire Supplies.
  3426 | D:4      | Reached skill level 1 in Invocations
  3462 | D:4      | Found an ornate altar of the Wu Jian Council.
  3691 | D:4      | Found a sparkling altar of Nemelex Xobeh.
  3691 | D:4      | Found a transporter.
  3913 | D:5      | Entered Level 5 of the Dungeon
  3921 | D:5      | Noticed a black bear
  3938 | D:5      | HP: 1/38 [black bear (3)]
  3941 | D:5      | Killed a black bear
  3941 | D:5      | Reached * piety under Okawaru
  3942 | D:5      | Reached skill level 5 in Armour
  3942 | D:5      | Reached XP level 7. HP: 18/43 MP: 6/8
  4348 | D:5      | Reached skill level 5 in Axes
  4666 | D:5      | Reached XP level 8. HP: 34/48 MP: 10/10
  5057 | D:6      | Identified 3 scrolls of acquirement
  5057 | D:6      | Acquired 952 gold pieces
  5060 | D:6      | Acquired 361 gold pieces
  5062 | D:6      | Acquired a +4 vorpal broad axe
  5385 | D:6      | Shot with a bolt by an orc warrior

Illustrated notes

Levels and vault maps discovered:
D:1:      sevenhm_arrival_forest_fort_large_4, layout_loops_corners,
          shapermc_ecumenical_altar_mp_urbaneastern
D:2:      layout_basic, serial_shops, shop_statue
D:3:      layout_rooms, ashenzari_altar_1, grunt_decor_arrowhead
D:4:      layout_cave_pools, grunt_nemelex_the_gamble,
          mainiacjoe_overflow_tiny_flanked,
          mainiacjoe_overflow_concentric_impassable,
          minmay_temple_entry_stoned_glass, minmay_misc_feat_more_columns,
          chequers_serial_rivers_room_b, nicolae_shop_fire_sale
          [nicolae_sub_dead_trees], chequers_serial_rivers_small_3
D:5:      layout_basic
D:6:      layout_basic, kennysheep_opposing_triangles
Temple:   bh_familiar_temple

Skill      XL: |  1  2  3  4  5  6  7 |
---------------+----------------------+-----
Axes           | 2 3 4 5 |  5.7
Armour         | 4 5 |  5.8
Fighting       | 4 |  4.7
Shields        | 4 |  4.7
Invocations    | 1 3 |  3.2
Stealth        | |  0.2

Action                   |  1- 3 |  4- 6 |  7- 9 || total
-------------------------+-------+-------+-------++-------
Melee: War axe           |    75 |   176 |    63 ||   314
       Broad axe         |       |       |    18 ||    18
  Use: Scroll            |       |    11 |     6 ||    17
       Potion            |       |     1 |       ||     1
Armor: Scale mail        |    39 |       |       ||    39
       Plate armour      |    16 |   218 |    73 ||   307
Dodge: Dodged            |    43 |    71 |    25 ||   139
Block: Buckler           |    17 |    58 |    25 ||   100

Table legend: (Time is in decaauts)
 A = Elapsed time spent in this place.
 B = Non-inter-level travel time spent in this place.
 C = Inter-level travel time spent in this place.
 D = Time resting spent in this place.
 E = Time spent auto-exploring this place.
 F = Levels seen in this place.
 G = Mean time per level.
                   A        B        C        D        E       F      G
               +--------+--------+--------+--------+--------+-----+--------+
         Total |   5513 |   5301 |    212 |    846 |   3428 |   7 |  787.6 |
       Dungeon |   5483 |   5271 |    212 |    846 |   3417 |   6 |  913.8 |
        Temple |     29 |     29 |      0 |      0 |     11 |   1 |   29.0 |
               +--------+--------+--------+--------+--------+-----+--------+

Top non-repeatable levels by time:
     D:1: 1361 daAuts
     D:2: 1025 daAuts
     D:5: 994 daAuts
     D:4: 953 daAuts
     D:3: 717 daAuts
     D:6: 430 daAuts
  Temple: 29 daAuts
